Map: El Dorado

Players

llllllllllll - Winner!

  • Race: Protoss Protoss
  • League: Silver
  • Spawn Location: 5:00

电击杨教授

  • Race: Zerg Zerg
  • Spawn Location: 7:00

VOD

Have the link to the VOD?

Description

Time

  • Played on: April 24, 2025, 9:44 a.m.
  • Length: 3:11
Show
View Real Time Build Order
Export as new Build Order

llllllllllll Protoss - Winner!

Build Orders:  

Get SALT Encoding   

  12  0:00  Probe  
  13  0:12  Probe  
  14  0:24  Probe  
  14  0:26  Pylon  
  15  0:44  Gateway  
  15  0:47  Gateway  
  15  0:58  Gateway  
  15  1:10  Gateway  
  15  1:23  Zealot  
  15  1:25  Zealot  
  17  1:35  Pylon  
  19  1:48  Zealot  
  19  1:51  Zealot  
  23  1:55  Zealot  
  25  2:03  Zealot  
  27  2:15  Zealot  
  27  2:18  Zealot  
  31  2:26  Pylon  
Show
View Real Time Build Order
Export as new Build Order

电击杨教授 Zerg 

Build Orders: Pool First 

Get SALT Encoding   

  12  0:01  Drone  
  13  0:11  Drone  
  14  0:17  Overlord  
  14  0:37  Drone  
  14  0:38  Spawning Pool  
  14  0:43  Drone  
  14  0:45  Drone  
  16  0:50  Drone  
  17  0:59  Drone  
  18  1:16  Hatchery  
  18  1:18  Drone  
  18  1:21  Extractor  
  18  1:22  Drone  
  18  1:34  Queen  
  18  1:38  Drone  
  21  1:43  Drone  
  22  1:55  Overlord  
  22  2:00  Extractor  
  21  2:07  Drone  
  22  2:18  Zergling x2  
  23  2:29  Zergling x2  
  25  2:30  Zergling x2  
  25  2:34  Queen  
  25  2:52  Zergling x12  
Tags
 
League
Silver
Matchup
PvZ
Opening
Pool First
Replay Pack
kreditionep1
Spawn Locations
Close Positions
Add a new tag
Caveats
  • Supply blocks, unpowered buildings, or Contaminate may cause inaccurate times.
  • Supply counts are checked every 10 seconds.